 Dungeon Crawl Stone Soup version 0.21.0-25-ge575cb9ce8 (webtiles) character file.

89 KamiKatze the Conjurer (level 4, -2/24 HPs)
             Began as a Deep Elf Conjurer on Jan 27, 2018.
             Was an Initiate of Sif Muna.
             Slain by an orc wizard
             ... wielding a +0 dagger
              (4 damage)
             ... on level 3 of the Dungeon.
             The game lasted 00:07:55 (2085 turns).

KamiKatze the Conjurer (Deep Elf Conjurer)          Turns: 2085, Time: 00:07:56

Health: -2/24      AC:  2    Str:  5    XL:     4   Next: 31%
Magic:  5/12       EV: 13    Int: 21    God:    Sif Muna [......]
Gold:   164        SH:  0    Dex: 15    Spells: 5/11 levels left

rFire    . . .     SeeInvis .   a - +0 dagger (elec)
rCold    . . .     Gourm    .   (no shield)
rNeg     . . .     Faith    .   g - +0 robe
rPois    .         Spirit   .   (no helmet)
rElec    .         Reflect  .   (no cloak)
rCorr    .         Harm     .   (no gloves)
MR       .....                  (no boots)
Stlth    +.........             (no amulet)
HPRegen  0.08/turn              (no ring)
MPRegen  0.13/turn              (no ring)

@: confused
A: no striking features
a: Renounce Religion


You were on level 3 of the Dungeon.
You worshipped Sif Muna.
Sif Muna was noncommittal.
You were not hungry.

You visited 1 branch of the dungeon, and saw 3 of its levels.

You collected 164 gold pieces.

Inventory:

Hand Weapons
 a - a +0 dagger of electrocution (weapon)
 b - a +0 whip of flaming
Armour
 g - a +0 robe (worn)
 o - a +0 pair of gloves
 t - a +0 pair of boots
Wands
 p - a wand of flame (37)
Scrolls
 e - a scroll of identify
 f - a scroll of fog {unknown}
 h - a scroll of immolation
 i - a scroll of noise {unknown}
 j - a scroll of blinking {unknown}
 m - 2 scrolls of amnesia {unknown}
 u - 2 scrolls of remove curse {unknown}
 v - 2 scrolls of teleportation {unknown}
Potions
 k - a potion of haste
 l - 2 potions of might
 n - a potion of magic
 q - a potion of cancellation
 r - a potion of berserk rage {unknown}
 w - a potion of degeneration {unknown}
Books
 d - a book of Conjurations

   Spells                             Type                      Level
   a - Magic Dart                     Conjuration                  1
   b - Searing Ray                    Conjuration                  2
   c - Dazzling Spray                 Conjuration/Hexes            3
   d - Fulminant Prism                Conjuration/Hexes            4
   e - Force Lance                    Conjuration/Translocation    4
   f - Iskenderun's Mystic Blast      Conjuration                  4
Comestibles
 c - 7 rations
 s - 10 chunks of flesh


   Skills:
 - Level 2.4 Dodging
 - Level 2.4 Stealth
 + Level 4.2 Spellcasting
 * Level 5.7 Conjurations
 + Level 1.4 Hexes


You had 5 spell levels left.
You knew the following spells:

 Your Spells              Type           Power        Failure   Level  Hunger
a - Magic Dart            Conj           ####         1%          1    None
b - Searing Ray           Conj           ####..       1%          2    #......
c - Dazzling Spray        Conj/Hex       ###...       9%          3    ###....


Dungeon Overview and Level Annotations

Branches:
Dungeon (3/15)

Altars:
Elyvilon
Nemelex Xobeh
Sif Muna

Annotations:
D:3 tailblues's ghost, amateur DgWz


Message History

Casting: Magic Dart
Confirm with . or Enter, or press ? or * to list all spells.
Aiming: Searing Ray
Press: ? - help, Shift-Dir - straight line The searing ray hits something. (Press . to maintain the ray.)
The orc shouts!
The orc throws a tomahawk of dispersal.
The tomahawk of dispersal barely misses you.
A puff of flame appears from out of thin air!
The puff of flame hits you!
* * * LOW HITPOINT WARNING * * *
The searing ray hits something.
You hear some strange, mumbled words.
You are confused.
The orc throws a tomahawk of dispersal.
The tomahawk of dispersal misses you.
Unknown command.
You bump into the rock wall.
You bump into the rock wall.
Something hits you.
You die...

#......#.#.####
###
#....<...#..
###......#####
#.............
#........#####
#........###
#.........(#
...#...o......#
...)o...@.....#
...#######....#
#....# #....#
######


You could see 2 orcs.

Vanquished Creatures
  An adder (D:2)
  A shadow imp (D:3)
  An ooze (D:1)
  A worm (D:2)
  A leopard gecko (D:2)
  6 orcs (D:3)
  6 bats
  5 giant cockroaches (D:1)
  8 goblins
  6 hobgoblins
  2 jackals (D:1)
  2 quokkas
  5 frilled lizards
  5 kobolds
  6 rats
56 creatures vanquished.

Notes
Turn   | Place    | Note
-------+----------+-------------------------------------------
     0 | D:1      | KamiKatze the Deep Elf Conjurer began the quest for the Orb.
     0 | D:1      | Reached XP level 1. HP: 10/10 MP: 6/6
   134 | D:1      | Reached XP level 2. HP: 12/15 MP: 6/8
   138 | D:1      | Learned a level 2 spell: Searing Ray
   308 | D:1      | Reached skill level 5 in Conjurations
   502 | D:1      | Reached XP level 3. HP: 19/19 MP: 8/10
   805 | D:1      | Learned a level 3 spell: Dazzling Spray
   918 | D:2      | Found a sparkling altar of Nemelex Xobeh.
  1014 | D:2      | Found a white marble altar of Elyvilon.
  1296 | D:2      | Found a deep blue altar of Sif Muna.
  1304 | D:2      | Became a worshipper of Sif Muna the Loreminder
  1343 | D:2      | Reached skill level 1 in Hexes
  1849 | D:3      | Noticed tailblues's ghost (amateur DgWz)
  1922 | D:3      | Reached XP level 4. HP: 24/24 MP: 9/12
  2081 | D:3      | HP: 1/24 [something/puff of flame (6)]
  2085 | D:3      | Slain by an orc wizard

Skill      XL: |  1  2  3 |
---------------+----------+-----
Conjurations   | 5 |  5.7
Spellcasting   | 4 |  4.2
Hexes          | 1 |  1.4
Dodging        | |  2.4
Stealth        | |  2.4

Action                   |  1- 3 |  4- 6 || total
-------------------------+-------+-------++-------
Melee: Club              |     5 |       ||     5
       Dagger            |     4 |       ||     4
 Cast: Magic Dart        |    73 |    21 ||    94
       Searing Ray       |       |     1 ||     1
  Use: Scroll            |     5 |       ||     5
  Eat: Chunk             |     3 |       ||     3
Armor: Robe              |     2 |       ||     2
Dodge: Dodged            |    10 |     3 ||    13
